[ AOE2 MATCH · #460290005 ]
UnrankedKhmer vs Burmese
[ REPLAY ANALYSIS · EXTRACTED FROM THE RECORDED GAME ]
Feudal
12:11
Castle
14:52
Imperial
30:38
| APM avg | 65.5 |
| APM peak | 106 |
| eAPM avg | 37.5 |
| Villagers / military | 221 / 547 |
Focus
⚔️ 36.2% · 🌾 63.8%
Scout Cavalry ×319 · Spearman ×113 · Ballista Elephant ×95 · Trebuchet (Packed) ×9 · Knight ×7 · Battering Ram ×3
Feudal
9:00
Castle
20:16
Imperial
37:46
| APM avg | 31.0 |
| APM peak | 62 |
| eAPM avg | 18.8 |
| Villagers / military | 216 / 149 |
Focus
⚔️ 27.1% · 🌾 72.9%
Samurai ×46 · Cavalry Archer ×45 · Spearman ×40 · Battering Ram ×11 · Militia ×6 · Monk ×1
Feudal
10:00
Castle
14:22
Imperial
32:38
| APM avg | 39.8 |
| APM peak | 86 |
| eAPM avg | 19.9 |
| Villagers / military | 215 / 749 |
Focus
⚔️ 40.6% · 🌾 59.4%
Spearman ×298 · Skirmisher ×265 · Scout Cavalry ×135 · Arambai ×33 · Trebuchet (Packed) ×18 · Trade Cart ×12
Feudal
10:09
Castle
16:28
Imperial
31:37
| APM avg | 40.1 |
| APM peak | 93 |
| eAPM avg | 30.4 |
| Villagers / military | 218 / 1034 |
Focus
⚔️ 53.0% · 🌾 47.0%
Spearman ×425 · Scout Cavalry ×327 · Militia ×254 · Mangonel ×20 · Trebuchet (Packed) ×8
Feudal
11:17
Castle
15:19
Imperial
33:10
| APM avg | 36.0 |
| APM peak | 89 |
| eAPM avg | 17.8 |
| Villagers / military | 215 / 714 |
Focus
⚔️ 32.9% · 🌾 67.1%
Gbeto ×420 · Scout Cavalry ×281 · Camel Scout ×7 · Trebuchet (Packed) ×5 · Monk ×1
Feudal
9:49
Castle
20:26
Imperial
32:54
| APM avg | 50.3 |
| APM peak | 89 |
| eAPM avg | 29.9 |
| Villagers / military | 135 / 823 |
Focus
⚔️ 36.8% · 🌾 63.2%
Militia ×479 · Spearman ×305 · Battering Ram ×21 · Monk ×6 · Mangonel ×5 · Jaguar Warrior ×5
Feudal
11:21
Castle
17:09
Imperial
38:21
| APM avg | 27.3 |
| APM peak | 80 |
| eAPM avg | 19.2 |
| Villagers / military | 132 / 569 |
Focus
⚔️ 59.6% · 🌾 40.4%
Skirmisher ×405 · Archer ×148 · Spearman ×8 · Mangonel ×4 · Battering Ram ×4 · Unknown (1962) ×1
Feudal
10:05
Castle
15:25
Imperial
36:02
| APM avg | 37.5 |
| APM peak | 95 |
| eAPM avg | 20.0 |
| Villagers / military | 200 / 197 |
Focus
⚔️ 29.4% · 🌾 70.6%
Knight ×111 · Spearman ×35 · Scout Cavalry ×30 · Skirmisher ×12 · Battering Ram ×4 · Mangonel ×3
Match map
Initial resources + every placement click. Lines = walls · curves = elevation contours. ◆ gold · ⬟ stone · ● berries · ✦ relic · ◌ wall gap
Your base· ✓ Closed at 14:52 · 3t walls · 1 gate(s)
O P T I M U S's base· ✓ Closed at 20:16 · 20t walls · 2 gate(s)
jAvi's base· ✓ Closed at 14:22 · 8t walls · 1 gate(s)
きしょこ .99's base· ✓ Closed at 16:28 · 25t walls · 2 gate(s)
Dijhinn's base· ✓ Closed at 15:19 · 13t walls · 1 gate(s)
Inzeek's base· ✓ Closed at 20:26 · 2t walls · 2 gate(s)
ZeroNoise•Adam's base· ✓ Closed at 17:09 · 26t walls · 2 gate(s)
Ginger Ale's base· ✓ Closed at 15:25 · 1t walls · 1 gate(s)
Smoothed initial terrain · ◌ = detected wall gap · hover for details
Inputs per minute
— coquelicot - - O P T I M U S
Build order — coquelicot
First 150 of 1046 actions detected
| 0:00 | Create | Villager (Male) |
| 0:01 | Create | Villager (Male) |
| 0:02 | Build | House |
| 0:03 | Build | House |
| 0:05 | Create | Villager (Male) |
| 0:05 | Create | Villager (Male) |
| 1:35 | Create | Villager (Male) |
| 1:53 | Create | Villager (Male) |
| 1:53 | Create | Villager (Male) |
| 1:56 | Build | Lumber Camp |
| 2:26 | Create | Villager (Male) |
| 2:40 | Create | Villager (Male) |
| 3:04 | Create | Villager (Male) |
| 3:27 | Build | House |
| 3:39 | Create | Villager (Male) |
| 3:57 | Create | Villager (Male) |
| 4:14 | Build | House |
| 4:18 | Build | Mill |
| 4:28 | Create | Villager (Male) |
| 4:56 | Create | Villager (Male) |
| 4:59 | Create | Villager (Male) |
| 5:22 | Create | Villager (Male) |
| 5:54 | Create | Villager (Male) |
| 5:58 | Create | Villager (Male) |
| 6:02 | Create | Villager (Male) |
| 6:09 | Create | Villager (Male) |
| 6:26 | Create | Villager (Male) |
| 6:42 | Build | House |
| 6:56 | Create | Villager (Male) |
| 7:08 | Build | House |
| 7:11 | Create | Villager (Male) |
| 7:15 | Create | Villager (Male) |
| 7:32 | Build | Palisade Wall |
| 7:36 | Build | Palisade Wall |
| 7:40 | Build | Palisade Wall |
| 7:47 | Create | Villager (Male) |
| 7:59 | Build | House |
| 8:01 | Create | Villager (Male) |
| 8:07 | Create | Villager (Male) |
| 8:17 | Build | Mining Camp |
| 8:29 | Build | Palisade Gate |
| 8:30 | Build | House |
| 8:32 | Create | Villager (Male) |
| 10:01 | Research | Feudal Age |
| 10:34 | Create | Villager (Male) |
| 11:12 | Build | Farm |
| 11:13 | Build | Farm |
| 11:14 | Build | Farm |
| 11:18 | Build | Farm |
| 12:11 | Age | Feudal Age |
| 12:12 | Research | Castle Age |
| 12:12 | Research | Castle Age |
| 12:16 | Research | Double-Bit Axe |
| 12:16 | Research | Horse Collar |
| 12:54 | Create | Villager (Male) |
| 13:22 | Build | Stable |
| 13:35 | Create | Villager (Male) |
| 13:39 | Create | Villager (Male) |
| 13:53 | Build | Farm |
| 13:54 | Build | Farm |
| 14:52 | Age | Castle Age |
| 14:53 | Create | Knight |
| 14:53 | Create | Knight |
| 14:56 | Build | Town Center |
| 15:00 | Build | Farm |
| 15:08 | Create | Villager (Male) |
| 15:15 | Create | Villager (Male) |
| 15:20 | Build | House |
| 15:21 | Build | House |
| 15:34 | Create | Knight |
| 15:36 | Create | Villager (Male) |
| 15:38 | Build | Farm |
| 15:46 | Research | Bow Saw |
| 15:59 | Create | Villager (Male) |
| 16:01 | Build | Farm |
| 16:08 | Create | Villager (Male) |
| 16:27 | Create | Villager (Male) |
| 16:29 | Build | Farm |
| 16:47 | Create | Villager (Male) |
| 16:53 | Create | Villager (Male) |
| 16:56 | Build | Farm |
| 17:12 | Create | Villager (Male) |
| 17:14 | Create | Villager (Male) |
| 17:15 | Build | Farm |
| 17:26 | Create | Villager (Male) |
| 17:29 | Build | Farm |
| 17:30 | Build | Farm |
| 17:43 | Create | Villager (Male) |
| 17:45 | Build | Farm |
| 17:50 | Create | Villager (Male) |
| 17:52 | Build | House |
| 17:53 | Build | House |
| 18:02 | Build | Farm |
| 18:03 | Build | Farm |
| 18:12 | Create | Villager (Male) |
| 18:16 | Build | Farm |
| 18:24 | Create | Knight |
| 18:29 | Build | Farm |
| 18:33 | Build | House |
| 18:37 | Create | Villager (Male) |
| 18:37 | Create | Villager (Male) |
| 18:40 | Create | Villager (Male) |
| 18:40 | Create | Villager (Male) |
| 18:52 | Build | House |
| 18:54 | Build | Farm |
| 18:58 | Build | Farm |
| 18:58 | Create | Villager (Male) |
| 19:00 | Create | Villager (Male) |
| 19:09 | Create | Villager (Male) |
| 19:11 | Build | Farm |
| 20:00 | Build | Town Center |
| 20:03 | Create | Villager (Male) |
| 20:07 | Create | Villager (Male) |
| 20:21 | Research | Bloodlines |
| 20:31 | Create | Knight |
| 20:32 | Create | Knight |
| 20:39 | Build | Market |
| 20:44 | Create | Villager (Male) |
| 20:44 | Create | Villager (Male) |
| 20:52 | Research | Wheelbarrow |
| 20:54 | Research | Loom |
| 21:15 | Create | Villager (Male) |
| 21:18 | Create | Villager (Male) |
| 21:21 | Create | Villager (Male) |
| 21:23 | Build | Town Center |
| 21:28 | Create | Villager (Male) |
| 21:31 | Create | Villager (Male) |
| 21:36 | Create | Villager (Male) |
| 21:39 | Create | Villager (Male) |
| 21:39 | Create | Villager (Male) |
| 21:40 | Create | Villager (Male) |
| 21:46 | Build | Farm |
| 21:47 | Create | Villager (Male) |
| 21:53 | Create | Villager (Male) |
| 21:58 | Create | Villager (Male) |
| 22:00 | Create | Villager (Male) |
| 22:02 | Create | Villager (Male) |
| 22:03 | Build | Farm |
| 22:05 | Build | Farm |
| 22:06 | Build | Farm |
| 22:07 | Create | Villager (Male) |
| 22:12 | Build | Farm |
| 22:13 | Create | Villager (Male) |
| 22:15 | Build | Farm |
| 22:16 | Build | Farm |
| 22:19 | Create | Villager (Male) |
| 22:34 | Create | Villager (Male) |
| 22:41 | Create | Villager (Male) |
| 22:43 | Build | Farm |
| 22:50 | Build | Town Center |
Build order — O P T I M U S
First 150 of 551 actions detected
| 0:02 | Create | Villager (Male) |
| 0:05 | Build | House |
| 0:07 | Build | House |
| 0:07 | Create | Villager (Male) |
| 0:25 | Create | Villager (Male) |
| 0:56 | Create | Villager (Male) |
| 0:57 | Create | Villager (Male) |
| 1:26 | Create | Villager (Male) |
| 1:26 | Create | Villager (Male) |
| 1:26 | Create | Villager (Male) |
| 1:56 | Create | Villager (Male) |
| 1:56 | Create | Villager (Male) |
| 2:26 | Build | Lumber Camp |
| 2:26 | Create | Villager (Male) |
| 2:56 | Create | Villager (Male) |
| 2:56 | Create | Villager (Male) |
| 2:56 | Create | Villager (Male) |
| 3:23 | Create | Villager (Male) |
| 3:23 | Create | Villager (Male) |
| 3:24 | Create | Villager (Male) |
| 3:47 | Create | Villager (Male) |
| 3:53 | Build | House |
| 4:11 | Create | Villager (Male) |
| 4:11 | Create | Villager (Male) |
| 4:11 | Create | Villager (Male) |
| 4:12 | Create | Villager (Male) |
| 5:05 | Create | Villager (Male) |
| 5:27 | Create | Villager (Male) |
| 5:27 | Create | Villager (Male) |
| 5:44 | Build | Barracks |
| 5:48 | Research | Loom |
| 6:03 | Build | Mining Camp |
| 6:50 | Research | Feudal Age |
| 7:30 | Create | Militia |
| 7:31 | Create | Militia |
| 7:31 | Create | Militia |
| 8:03 | Create | Militia |
| 8:06 | Build | House |
| 8:09 | Build | House |
| 8:28 | Create | Villager (Male) |
| 8:35 | Create | Militia |
| 8:35 | Create | Militia |
| 9:00 | Age | Feudal Age |
| 9:04 | Research | Man-at-Arms (upgrade) |
| 9:15 | Research | Double-Bit Axe |
| 9:27 | Create | Villager (Male) |
| 9:55 | Build | Mill |
| 10:02 | Create | Villager (Male) |
| 10:17 | Build | Palisade Wall |
| 10:19 | Create | Villager (Male) |
| 10:31 | Build | House |
| 10:51 | Build | Farm |
| 10:51 | Build | Farm |
| 10:51 | Build | Farm |
| 10:51 | Build | Farm |
| 10:52 | Build | Farm |
| 10:52 | Build | Farm |
| 10:52 | Build | Farm |
| 10:52 | Build | Farm |
| 11:05 | Create | Villager (Male) |
| 11:05 | Create | Villager (Male) |
| 11:40 | Create | Villager (Male) |
| 12:17 | Build | Mining Camp |
| 12:20 | Build | Farm |
| 12:21 | Create | Villager (Male) |
| 12:59 | Build | Farm |
| 12:59 | Build | Farm |
| 12:59 | Build | Farm |
| 12:59 | Build | Farm |
| 13:00 | Create | Villager (Male) |
| 13:00 | Create | Villager (Male) |
| 13:25 | Build | Watch Tower |
| 13:42 | Create | Villager (Male) |
| 13:48 | Build | Palisade Gate |
| 14:38 | Build | Blacksmith |
| 14:51 | Create | Villager (Male) |
| 15:33 | Create | Villager (Male) |
| 15:56 | Build | Market |
| 17:28 | Research | Castle Age |
| 18:04 | Build | House |
| 18:10 | Build | House |
| 19:04 | Build | Farm |
| 19:11 | Build | Stone Wall |
| 19:14 | Build | Stone Wall |
| 19:20 | Build | Gate |
| 19:32 | Research | Horse Collar |
| 19:33 | Research | Horse Collar |
| 19:59 | Research | Wheelbarrow |
| 20:16 | Age | Castle Age |
| 20:20 | Research | Bow Saw |
| 20:32 | Build | Town Center |
| 20:47 | Create | Villager (Male) |
| 21:05 | Create | Villager (Male) |
| 21:25 | Build | Farm |
| 21:26 | Build | Farm |
| 22:09 | Create | Villager (Male) |
| 22:09 | Create | Villager (Male) |
| 22:22 | Build | Farm |
| 22:23 | Build | Farm |
| 22:24 | Build | Farm |
| 22:25 | Build | Farm |
| 22:41 | Create | Villager (Male) |
| 22:42 | Create | Villager (Male) |
| 22:42 | Create | Villager (Male) |
| 22:42 | Create | Villager (Male) |
| 22:42 | Create | Villager (Male) |
| 22:42 | Create | Villager (Male) |
| 23:09 | Build | Castle |
| 23:54 | Build | Castle |
| 23:58 | Create | Villager (Male) |
| 23:59 | Create | Villager (Male) |
| 24:30 | Create | Villager (Male) |
| 24:30 | Create | Villager (Male) |
| 24:38 | Build | Siege Workshop |
| 24:45 | Create | Villager (Male) |
| 24:45 | Create | Villager (Male) |
| 24:45 | Create | Villager (Male) |
| 25:14 | Create | Villager (Male) |
| 25:15 | Create | Villager (Male) |
| 25:42 | Build | Farm |
| 25:42 | Build | Farm |
| 25:42 | Build | Farm |
| 25:42 | Build | Farm |
| 25:43 | Build | Farm |
| 25:43 | Build | Farm |
| 25:55 | Create | Villager (Male) |
| 25:55 | Create | Villager (Male) |
| 25:56 | Create | Villager (Male) |
| 26:00 | Create | Villager (Male) |
| 26:01 | Create | Villager (Male) |
| 26:01 | Create | Villager (Male) |
| 26:01 | Create | Villager (Male) |
| 26:22 | Create | Samurai |
| 26:22 | Create | Samurai |
| 26:27 | Build | Farm |
| 26:28 | Build | Farm |
| 26:32 | Build | Farm |
| 26:37 | Build | Farm |
| 26:41 | Build | Farm |
| 26:42 | Create | Villager (Male) |
| 26:42 | Create | Villager (Male) |
| 26:50 | Build | House |
| 26:51 | Build | House |
| 26:54 | Create | Villager (Male) |
| 26:54 | Create | Villager (Male) |
| 26:56 | Create | Samurai |
| 26:56 | Create | Samurai |
| 26:56 | Create | Samurai |
| 27:01 | Create | Samurai |
| 27:01 | Create | Samurai |
Build order — jAvi
First 150 of 690 actions detected
| 0:01 | Create | Villager (Male) |
| 0:02 | Build | House |
| 0:04 | Build | House |
| 0:04 | Create | Villager (Male) |
| 0:04 | Create | Villager (Male) |
| 0:18 | Create | Villager (Male) |
| 0:18 | Create | Villager (Male) |
| 1:44 | Create | Villager (Male) |
| 1:44 | Create | Villager (Male) |
| 1:46 | Create | Villager (Male) |
| 1:47 | Create | Villager (Male) |
| 1:51 | Build | Lumber Camp |
| 1:53 | Build | House |
| 2:30 | Create | Villager (Male) |
| 2:55 | Create | Villager (Male) |
| 2:56 | Create | Villager (Male) |
| 2:56 | Create | Villager (Male) |
| 3:39 | Create | Villager (Male) |
| 3:39 | Create | Villager (Male) |
| 3:58 | Create | Villager (Male) |
| 3:58 | Create | Villager (Male) |
| 4:30 | Create | Villager (Male) |
| 4:30 | Create | Villager (Male) |
| 4:33 | Build | Mill |
| 5:18 | Create | Villager (Male) |
| 5:18 | Create | Villager (Male) |
| 5:42 | Create | Villager (Male) |
| 5:42 | Create | Villager (Male) |
| 6:11 | Create | Villager (Male) |
| 6:34 | Create | Villager (Male) |
| 6:46 | Build | House |
| 6:57 | Create | Villager (Male) |
| 7:50 | Research | Feudal Age |
| 8:10 | Build | Mining Camp |
| 8:48 | Create | Villager (Male) |
| 8:49 | Create | Villager (Male) |
| 9:29 | Build | Palisade Wall |
| 9:39 | Create | Villager (Male) |
| 10:00 | Age | Feudal Age |
| 10:02 | Build | Market |
| 10:08 | Create | Villager (Male) |
| 10:53 | Build | Blacksmith |
| 11:42 | Research | Castle Age |
| 11:48 | Build | Mining Camp |
| 12:36 | Build | House |
| 12:47 | Build | Palisade Gate |
| 13:15 | Create | Villager (Male) |
| 13:15 | Create | Villager (Male) |
| 13:21 | Create | Villager (Male) |
| 13:25 | Research | Loom |
| 13:26 | Create | Villager (Male) |
| 13:26 | Create | Villager (Male) |
| 14:22 | Age | Castle Age |
| 14:24 | Build | Town Center |
| 14:29 | Create | Villager (Male) |
| 14:29 | Create | Villager (Male) |
| 14:59 | Create | Villager (Male) |
| 15:50 | Build | House |
| 16:14 | Build | House |
| 16:17 | Build | House |
| 16:29 | Create | Villager (Male) |
| 16:30 | Create | Villager (Male) |
| 16:30 | Create | Villager (Male) |
| 16:54 | Create | Villager (Male) |
| 17:30 | Build | Castle |
| 17:44 | Create | Villager (Male) |
| 18:42 | Create | Villager (Male) |
| 18:42 | Create | Villager (Male) |
| 18:46 | Build | Farm |
| 18:47 | Build | Farm |
| 18:55 | Create | Villager (Male) |
| 19:16 | Create | Villager (Male) |
| 19:16 | Create | Villager (Male) |
| 19:18 | Create | Arambai |
| 19:18 | Create | Arambai |
| 19:18 | Create | Arambai |
| 19:45 | Create | Villager (Male) |
| 19:45 | Create | Villager (Male) |
| 19:49 | Create | Villager (Male) |
| 19:50 | Create | Villager (Male) |
| 20:15 | Create | Villager (Male) |
| 20:15 | Create | Villager (Male) |
| 20:25 | Create | Villager (Male) |
| 20:25 | Create | Villager (Male) |
| 20:29 | Build | Farm |
| 20:29 | Build | Farm |
| 20:57 | Create | Arambai |
| 20:58 | Create | Villager (Male) |
| 20:58 | Create | Villager (Male) |
| 20:59 | Create | Villager (Male) |
| 21:06 | Create | Arambai |
| 21:07 | Create | Villager (Male) |
| 21:07 | Create | Villager (Male) |
| 21:15 | Build | Town Center |
| 21:19 | Create | Villager (Male) |
| 21:19 | Create | Villager (Male) |
| 21:23 | Build | Farm |
| 21:25 | Build | Farm |
| 21:26 | Build | Farm |
| 22:02 | Create | Villager (Male) |
| 22:02 | Create | Villager (Male) |
| 22:05 | Build | Farm |
| 22:09 | Create | Villager (Male) |
| 22:33 | Create | Arambai |
| 22:55 | Create | Arambai |
| 22:57 | Create | Villager (Male) |
| 23:26 | Create | Arambai |
| 23:27 | Create | Villager (Male) |
| 23:28 | Create | Villager (Male) |
| 23:28 | Create | Villager (Male) |
| 23:29 | Create | Arambai |
| 23:30 | Create | Arambai |
| 23:34 | Build | Farm |
| 23:35 | Build | Farm |
| 23:35 | Build | Farm |
| 23:35 | Build | Farm |
| 23:35 | Build | Farm |
| 23:37 | Build | Farm |
| 24:11 | Create | Villager (Male) |
| 24:11 | Create | Villager (Male) |
| 24:13 | Create | Villager (Male) |
| 24:16 | Build | Farm |
| 24:17 | Build | Farm |
| 24:21 | Build | Mill |
| 24:24 | Create | Villager (Male) |
| 24:24 | Create | Villager (Male) |
| 24:27 | Build | Farm |
| 24:27 | Build | Farm |
| 24:28 | Build | Farm |
| 24:28 | Build | Farm |
| 24:28 | Build | Farm |
| 24:28 | Build | Farm |
| 24:29 | Build | Farm |
| 24:31 | Build | Farm |
| 24:33 | Create | Villager (Male) |
| 24:45 | Build | Barracks |
| 25:04 | Create | Arambai |
| 25:05 | Create | Arambai |
| 25:06 | Create | Villager (Male) |
| 25:06 | Create | Villager (Male) |
| 25:06 | Create | Villager (Male) |
| 25:07 | Create | Villager (Male) |
| 25:28 | Create | Arambai |
| 25:30 | Create | Villager (Male) |
| 25:30 | Create | Villager (Male) |
| 25:33 | Create | Villager (Male) |
| 25:58 | Create | Villager (Male) |
| 25:59 | Create | Villager (Male) |
| 25:59 | Create | Villager (Male) |
| 26:21 | Create | Villager (Male) |
Build order — きしょこ .99
First 150 of 1317 actions detected
| 0:01 | Create | Villager (Male) |
| 0:01 | Create | Villager (Male) |
| 0:01 | Create | Villager (Male) |
| 0:02 | Create | Villager (Male) |
| 0:03 | Build | House |
| 0:04 | Build | House |
| 1:29 | Create | Villager (Male) |
| 1:29 | Create | Villager (Male) |
| 1:52 | Create | Villager (Male) |
| 1:52 | Create | Villager (Male) |
| 2:10 | Create | Villager (Male) |
| 2:10 | Create | Villager (Male) |
| 2:24 | Create | Villager (Male) |
| 2:24 | Create | Villager (Male) |
| 2:43 | Create | Villager (Male) |
| 2:44 | Create | Villager (Male) |
| 3:05 | Build | Lumber Camp |
| 3:06 | Create | Villager (Male) |
| 3:30 | Build | House |
| 3:31 | Build | House |
| 3:32 | Create | Villager (Male) |
| 3:32 | Create | Villager (Male) |
| 3:56 | Create | Villager (Male) |
| 3:56 | Create | Villager (Male) |
| 4:17 | Create | Villager (Male) |
| 4:18 | Create | Villager (Male) |
| 4:40 | Build | House |
| 4:45 | Create | Villager (Male) |
| 4:45 | Create | Villager (Male) |
| 5:13 | Create | Villager (Male) |
| 5:14 | Create | Villager (Male) |
| 5:20 | Build | Palisade Gate |
| 5:28 | Build | Palisade Wall |
| 5:29 | Build | Palisade Wall |
| 5:30 | Build | Palisade Wall |
| 5:31 | Build | Palisade Wall |
| 5:33 | Build | Palisade Wall |
| 5:34 | Build | Palisade Wall |
| 5:35 | Build | Palisade Wall |
| 5:36 | Build | Palisade Wall |
| 6:08 | Create | Villager (Male) |
| 6:22 | Create | Villager (Male) |
| 6:27 | Build | Mill |
| 6:35 | Build | Mill |
| 7:11 | Create | Villager (Male) |
| 7:19 | Build | Palisade Wall |
| 7:21 | Build | Palisade Wall |
| 7:22 | Build | Palisade Wall |
| 7:24 | Build | Palisade Wall |
| 7:59 | Research | Feudal Age |
| 9:10 | Research | Loom |
| 9:11 | Create | Villager (Male) |
| 9:11 | Create | Villager (Male) |
| 9:18 | Build | Mining Camp |
| 9:41 | Build | Mill |
| 10:09 | Age | Feudal Age |
| 10:55 | Create | Villager (Male) |
| 11:06 | Build | Market |
| 11:29 | Create | Villager (Male) |
| 11:52 | Create | Villager (Male) |
| 12:25 | Create | Villager (Male) |
| 12:30 | Build | Blacksmith |
| 13:01 | Create | Villager (Male) |
| 13:48 | Research | Castle Age |
| 13:59 | Research | Double-Bit Axe |
| 14:00 | Research | Double-Bit Axe |
| 14:11 | Build | Palisade Wall |
| 14:34 | Build | Mill |
| 14:47 | Build | House |
| 14:47 | Build | House |
| 14:48 | Build | House |
| 14:57 | Build | Gate |
| 15:04 | Build | Stone Wall |
| 15:06 | Build | Stone Wall |
| 15:08 | Build | Stone Wall |
| 15:08 | Build | Stone Wall |
| 15:24 | Research | Wheelbarrow |
| 15:28 | Research | Scale Barding Armor |
| 16:18 | Build | Palisade Wall |
| 16:23 | Build | Mill |
| 16:28 | Age | Castle Age |
| 16:49 | Build | Town Center |
| 16:57 | Build | Town Center |
| 17:03 | Research | Bow Saw |
| 17:13 | Build | Town Center |
| 17:23 | Build | House |
| 17:28 | Build | House |
| 17:29 | Build | House |
| 17:38 | Create | Villager (Male) |
| 17:39 | Create | Villager (Male) |
| 18:06 | Create | Villager (Male) |
| 18:12 | Create | Villager (Male) |
| 18:12 | Create | Villager (Male) |
| 18:13 | Create | Villager (Male) |
| 18:41 | Create | Villager (Male) |
| 18:41 | Create | Villager (Male) |
| 18:50 | Create | Villager (Male) |
| 18:50 | Create | Villager (Male) |
| 18:50 | Create | Villager (Male) |
| 18:54 | Build | House |
| 18:55 | Build | House |
| 19:06 | Research | Gold Mining |
| 19:31 | Build | Town Center |
| 19:33 | Create | Villager (Male) |
| 19:33 | Create | Villager (Male) |
| 19:35 | Create | Villager (Male) |
| 19:35 | Create | Villager (Male) |
| 19:49 | Create | Villager (Male) |
| 19:49 | Create | Villager (Male) |
| 19:58 | Build | Lumber Camp |
| 20:01 | Create | Villager (Male) |
| 20:01 | Create | Villager (Male) |
| 20:13 | Create | Villager (Male) |
| 20:14 | Create | Villager (Male) |
| 20:20 | Build | Farm |
| 20:21 | Build | Farm |
| 20:22 | Build | Farm |
| 20:26 | Create | Villager (Male) |
| 20:26 | Create | Villager (Male) |
| 20:28 | Create | Villager (Male) |
| 20:35 | Build | Farm |
| 20:48 | Create | Villager (Male) |
| 20:49 | Create | Villager (Male) |
| 20:54 | Create | Villager (Male) |
| 21:08 | Create | Villager (Male) |
| 21:08 | Create | Villager (Male) |
| 21:38 | Build | Stone Wall |
| 21:41 | Build | Gate |
| 21:45 | Build | Stone Wall |
| 21:46 | Create | Villager (Male) |
| 21:46 | Create | Villager (Male) |
| 21:47 | Create | Villager (Male) |
| 21:47 | Create | Villager (Male) |
| 21:47 | Create | Villager (Male) |
| 21:52 | Build | Farm |
| 21:52 | Build | Farm |
| 21:53 | Build | Farm |
| 21:53 | Build | Farm |
| 21:53 | Build | Farm |
| 21:53 | Build | Farm |
| 21:54 | Build | Farm |
| 21:54 | Build | Farm |
| 21:54 | Build | Farm |
| 22:00 | Build | Farm |
| 22:00 | Build | Farm |
| 22:00 | Build | Farm |
| 22:00 | Build | Farm |
| 22:01 | Create | Villager (Male) |
| 22:02 | Create | Villager (Male) |
| 22:18 | Create | Villager (Male) |
Build order — Dijhinn
First 150 of 525 actions detected
| 0:00 | Create | Villager (Male) |
| 0:01 | Create | Villager (Male) |
| 0:02 | Build | House |
| 0:04 | Build | House |
| 0:55 | Create | Villager (Male) |
| 0:55 | Create | Villager (Male) |
| 0:55 | Create | Villager (Male) |
| 0:56 | Create | Villager (Male) |
| 1:38 | Create | Villager (Male) |
| 1:38 | Create | Villager (Male) |
| 1:52 | Build | Palisade Wall |
| 2:12 | Build | House |
| 2:18 | Build | Lumber Camp |
| 2:25 | Build | House |
| 2:27 | Create | Villager (Male) |
| 2:27 | Create | Villager (Male) |
| 2:27 | Create | Villager (Male) |
| 2:27 | Create | Villager (Male) |
| 3:17 | Create | Villager (Male) |
| 3:17 | Create | Villager (Male) |
| 3:18 | Create | Villager (Male) |
| 3:40 | Build | Palisade Gate |
| 3:41 | Build | House |
| 3:57 | Create | Villager (Male) |
| 3:58 | Create | Villager (Male) |
| 4:11 | Build | House |
| 4:31 | Create | Villager (Male) |
| 4:32 | Create | Villager (Male) |
| 4:32 | Create | Villager (Male) |
| 4:32 | Create | Villager (Male) |
| 5:02 | Build | Mill |
| 5:29 | Create | Villager (Male) |
| 5:29 | Create | Villager (Male) |
| 5:30 | Create | Villager (Male) |
| 5:30 | Create | Villager (Male) |
| 5:30 | Create | Villager (Male) |
| 5:59 | Build | Farm |
| 6:10 | Create | Villager (Male) |
| 6:10 | Create | Villager (Male) |
| 6:10 | Create | Villager (Male) |
| 6:28 | Build | Farm |
| 6:38 | Create | Villager (Male) |
| 6:38 | Create | Villager (Male) |
| 6:38 | Create | Villager (Male) |
| 6:38 | Create | Villager (Male) |
| 7:19 | Create | Villager (Male) |
| 7:31 | Build | Farm |
| 7:56 | Build | Mining Camp |
| 8:16 | Build | Farm |
| 8:42 | Research | Feudal Age |
| 8:47 | Create | Villager (Male) |
| 8:47 | Create | Villager (Male) |
| 8:51 | Create | Villager (Male) |
| 8:51 | Create | Villager (Male) |
| 9:07 | Create | Villager (Male) |
| 9:07 | Create | Villager (Male) |
| 10:38 | Build | Barracks |
| 11:17 | Age | Feudal Age |
| 11:35 | Build | Stable |
| 11:42 | Build | Blacksmith |
| 11:44 | Research | Double-Bit Axe |
| 12:07 | Create | Villager (Male) |
| 12:13 | Build | Mining Camp |
| 12:39 | Research | Castle Age |
| 12:39 | Research | Castle Age |
| 12:40 | Research | Castle Age |
| 12:46 | Build | House |
| 13:27 | Research | Stone Mining |
| 13:27 | Research | Stone Mining |
| 14:21 | Create | Villager (Male) |
| 14:21 | Create | Villager (Male) |
| 14:34 | Research | Forging |
| 14:34 | Research | Forging |
| 15:19 | Age | Castle Age |
| 15:51 | Build | Town Center |
| 16:15 | Create | Villager (Male) |
| 16:16 | Create | Villager (Male) |
| 16:16 | Create | Villager (Male) |
| 16:16 | Create | Villager (Male) |
| 16:21 | Research | Loom |
| 16:22 | Create | Villager (Male) |
| 16:22 | Create | Villager (Male) |
| 16:27 | Build | Farm |
| 17:16 | Create | Camel Scout |
| 17:17 | Create | Camel Scout |
| 17:40 | Create | Villager (Male) |
| 17:40 | Create | Villager (Male) |
| 17:43 | Create | Villager (Male) |
| 17:43 | Create | Villager (Male) |
| 17:44 | Create | Villager (Male) |
| 18:11 | Create | Camel Scout |
| 18:38 | Build | Town Center |
| 18:48 | Create | Camel Scout |
| 18:48 | Create | Camel Scout |
| 18:51 | Create | Villager (Male) |
| 18:53 | Create | Villager (Male) |
| 18:53 | Create | Villager (Male) |
| 19:00 | Build | Farm |
| 19:20 | Create | Villager (Male) |
| 19:23 | Build | Farm |
| 19:30 | Build | Farm |
| 19:34 | Build | House |
| 19:36 | Build | House |
| 19:42 | Build | House |
| 19:48 | Build | Farm |
| 19:51 | Build | Farm |
| 19:54 | Create | Villager (Male) |
| 19:54 | Create | Villager (Male) |
| 20:12 | Build | Castle |
| 20:25 | Create | Villager (Male) |
| 20:26 | Create | Villager (Male) |
| 20:27 | Create | Villager (Male) |
| 20:34 | Build | Farm |
| 20:42 | Build | Farm |
| 20:43 | Research | Horse Collar |
| 20:44 | Research | Horse Collar |
| 20:48 | Build | Farm |
| 20:58 | Create | Villager (Male) |
| 21:04 | Build | Farm |
| 21:14 | Create | Villager (Male) |
| 21:33 | Create | Villager (Male) |
| 21:35 | Create | Villager (Male) |
| 21:36 | Create | Villager (Male) |
| 21:52 | Build | Farm |
| 22:10 | Build | Town Center |
| 22:17 | Create | Villager (Male) |
| 22:17 | Create | Villager (Male) |
| 22:18 | Create | Villager (Male) |
| 22:18 | Create | Villager (Male) |
| 22:18 | Create | Villager (Male) |
| 22:27 | Build | House |
| 22:28 | Build | House |
| 22:29 | Build | House |
| 22:41 | Build | Mining Camp |
| 22:53 | Build | Farm |
| 23:09 | Create | Villager (Male) ×5 |
| 23:09 | Create | Villager (Male) ×5 |
| 23:16 | Build | Farm |
| 23:54 | Build | Farm |
| 23:58 | Research | Wheelbarrow |
| 24:00 | Create | Villager (Male) ×2 |
| 24:00 | Create | Villager (Male) ×2 |
| 24:07 | Build | House |
| 24:08 | Build | House |
| 24:09 | Build | House |
| 24:14 | Build | Farm |
| 24:15 | Build | Farm |
| 24:17 | Build | Farm |
| 24:20 | Build | Farm |
| 24:23 | Create | Villager (Male) ×3 |
Build order — Inzeek
First 150 of 560 actions detected
| 0:00 | Create | Villager (Male) |
| 0:01 | Create | Villager (Male) |
| 0:01 | Create | Villager (Male) |
| 0:01 | Create | Villager (Male) |
| 0:04 | Build | House |
| 0:06 | Build | House |
| 1:25 | Create | Villager (Male) |
| 1:26 | Create | Villager (Male) |
| 2:01 | Create | Villager (Male) |
| 2:01 | Create | Villager (Male) |
| 2:34 | Create | Villager (Male) |
| 2:34 | Create | Villager (Male) |
| 2:56 | Create | Villager (Male) |
| 2:56 | Create | Villager (Male) |
| 3:04 | Build | House |
| 3:34 | Create | Villager (Male) |
| 3:34 | Create | Villager (Male) |
| 3:45 | Build | House |
| 3:54 | Build | Lumber Camp |
| 3:56 | Create | Villager (Male) |
| 4:26 | Build | House |
| 4:36 | Create | Villager (Male) |
| 4:37 | Create | Villager (Male) |
| 4:37 | Create | Villager (Male) |
| 4:54 | Create | Villager (Male) |
| 4:55 | Create | Villager (Male) |
| 5:01 | Build | Palisade Gate |
| 5:04 | Build | House |
| 5:06 | Build | Palisade Wall |
| 5:50 | Create | Villager (Male) |
| 5:52 | Create | Villager (Male) |
| 5:52 | Create | Villager (Male) |
| 5:56 | Build | Mill |
| 6:09 | Create | Villager (Male) |
| 6:16 | Research | Loom |
| 6:47 | Create | Villager (Male) |
| 7:12 | Create | Villager (Male) |
| 7:39 | Research | Feudal Age |
| 8:57 | Build | Mining Camp |
| 9:40 | Create | Villager (Male) |
| 9:49 | Age | Feudal Age |
| 9:50 | Research | Horse Collar |
| 9:52 | Create | Villager (Male) |
| 10:05 | Build | Blacksmith |
| 10:55 | Build | Gate |
| 10:59 | Build | House |
| 11:05 | Build | Watch Tower |
| 11:13 | Create | Villager (Male) |
| 12:04 | Create | Villager (Male) |
| 12:39 | Create | Villager (Male) |
| 12:53 | Build | House |
| 13:03 | Create | Villager (Male) |
| 13:08 | Build | Farm |
| 13:08 | Build | Farm |
| 13:08 | Build | Farm |
| 13:08 | Build | Farm |
| 13:09 | Build | Farm |
| 13:21 | Create | Villager (Male) |
| 13:31 | Build | Gate |
| 13:41 | Create | Villager (Male) |
| 13:45 | Build | Market |
| 14:10 | Build | Stone Wall |
| 14:20 | Create | Villager (Male) |
| 14:30 | Research | Fletching |
| 14:36 | Create | Villager (Male) |
| 14:44 | Create | Villager (Male) |
| 15:08 | Create | Villager (Male) |
| 15:13 | Build | Mining Camp |
| 15:26 | Build | House |
| 15:29 | Build | House |
| 16:00 | Create | Villager (Male) |
| 16:25 | Create | Villager (Male) |
| 16:34 | Build | Farm |
| 16:35 | Build | Farm |
| 16:35 | Build | Farm |
| 16:47 | Create | Villager (Male) |
| 17:17 | Build | House |
| 17:29 | Build | Farm |
| 17:35 | Build | House |
| 17:35 | Build | House |
| 17:36 | Build | House |
| 17:37 | Build | House |
| 17:39 | Build | House |
| 17:46 | Research | Castle Age |
| 17:46 | Research | Castle Age |
| 18:06 | Research | Double-Bit Axe |
| 18:16 | Build | Lumber Camp |
| 20:26 | Age | Castle Age |
| 20:28 | Build | Siege Workshop |
| 20:30 | Create | Villager (Male) |
| 20:31 | Create | Villager (Male) |
| 20:34 | Research | Wheelbarrow |
| 20:41 | Build | Town Center |
| 20:46 | Build | Farm |
| 20:46 | Build | Farm |
| 20:46 | Build | Farm |
| 20:57 | Create | Mangonel |
| 20:59 | Build | Monastery |
| 21:32 | Create | Monk |
| 21:33 | Create | Monk |
| 21:36 | Build | Mining Camp |
| 22:01 | Create | Villager (Male) |
| 22:04 | Create | Villager (Male) |
| 22:04 | Create | Villager (Male) |
| 22:05 | Create | Villager (Male) |
| 22:05 | Create | Villager (Male) |
| 22:20 | Create | Villager (Male) |
| 22:20 | Create | Villager (Male) |
| 22:23 | Research | Gold Mining |
| 22:32 | Create | Villager (Male) |
| 22:33 | Create | Villager (Male) |
| 22:53 | Create | Villager (Male) |
| 22:54 | Create | Villager (Male) |
| 22:55 | Create | Villager (Male) |
| 23:01 | Build | House |
| 23:02 | Build | House |
| 23:03 | Build | House |
| 23:03 | Build | House |
| 23:03 | Build | House |
| 23:03 | Build | House |
| 23:04 | Build | House |
| 23:38 | Create | Battering Ram |
| 23:40 | Create | Mangonel |
| 23:59 | Create | Villager (Male) |
| 24:00 | Create | Villager (Male) |
| 24:04 | Create | Mangonel |
| 24:09 | Build | Monastery |
| 24:45 | Create | Villager (Male) |
| 24:45 | Create | Villager (Male) |
| 24:45 | Create | Villager (Male) |
| 24:46 | Create | Villager (Male) |
| 25:05 | Research | Redemption |
| 25:06 | Create | Villager (Male) |
| 25:07 | Create | Villager (Male) |
| 25:19 | Create | Monk |
| 25:20 | Create | Monk |
| 25:30 | Build | Castle |
| 26:00 | Create | Villager (Male) |
| 26:01 | Create | Villager (Male) |
| 26:01 | Create | Villager (Male) |
| 26:01 | Create | Villager (Male) |
| 26:15 | Build | Siege Workshop |
| 26:22 | Create | Villager (Male) |
| 26:23 | Create | Villager (Male) |
| 26:26 | Build | Farm |
| 26:26 | Build | Farm |
| 26:26 | Build | Farm |
| 26:27 | Build | Farm |
| 26:27 | Build | Farm |
| 26:28 | Build | Farm |
Build order — ZeroNoise•Adam
First 150 of 516 actions detected
| 0:01 | Create | Villager (Male) |
| 0:01 | Create | Villager (Male) |
| 0:03 | Build | House |
| 0:06 | Build | House |
| 0:09 | Create | Villager (Male) |
| 0:13 | Create | Villager (Male) |
| 0:14 | Create | Villager (Male) |
| 1:30 | Create | Villager (Male) |
| 1:53 | Create | Villager (Male) |
| 2:21 | Build | Lumber Camp |
| 2:22 | Create | Villager (Male) |
| 2:35 | Build | House |
| 2:51 | Create | Villager (Male) |
| 3:06 | Create | Villager (Male) |
| 3:33 | Create | Villager (Male) |
| 4:05 | Create | Villager (Male) |
| 4:05 | Create | Villager (Male) |
| 4:31 | Create | Villager (Male) |
| 4:53 | Build | Palisade Wall |
| 4:58 | Create | Villager (Male) |
| 4:59 | Create | Villager (Male) |
| 5:09 | Build | House |
| 5:31 | Build | Mill |
| 5:34 | Create | Villager (Male) |
| 5:48 | Build | Palisade Gate |
| 5:52 | Create | Villager (Male) |
| 5:57 | Create | Villager (Male) |
| 6:07 | Create | Villager (Male) |
| 6:20 | Create | Villager (Male) |
| 6:44 | Build | House |
| 6:59 | Research | Loom |
| 7:00 | Create | Villager (Male) |
| 7:03 | Create | Villager (Male) |
| 7:29 | Build | House |
| 7:45 | Create | Villager (Male) |
| 7:46 | Create | Villager (Male) |
| 8:03 | Build | Mill |
| 8:07 | Create | Villager (Male) |
| 9:08 | Research | Feudal Age |
| 9:12 | Build | Mining Camp |
| 9:39 | Create | Villager (Male) |
| 9:39 | Create | Villager (Male) |
| 10:34 | Build | House |
| 11:21 | Age | Feudal Age |
| 11:23 | Build | Barracks |
| 11:29 | Research | Double-Bit Axe |
| 11:38 | Build | Stone Wall |
| 11:43 | Build | Gate |
| 11:47 | Create | Villager (Male) |
| 11:51 | Create | Villager (Male) |
| 11:56 | Build | Market |
| 12:08 | Create | Villager (Male) |
| 12:21 | Build | Outpost |
| 12:25 | Research | Town Watch |
| 12:26 | Create | Villager (Male) |
| 13:01 | Build | Archery Range |
| 13:05 | Create | Villager (Male) |
| 13:16 | Create | Spearman |
| 13:56 | Create | Villager (Male) |
| 14:29 | Research | Castle Age |
| 14:46 | Create | Spearman |
| 14:51 | Build | House |
| 14:52 | Build | House |
| 15:24 | Research | Horse Collar |
| 15:59 | Build | Farm |
| 16:02 | Build | Farm |
| 16:05 | Build | Farm |
| 16:15 | Research | Wheelbarrow |
| 16:28 | Build | Archery Range |
| 16:35 | Create | Archer |
| 16:54 | Build | Blacksmith |
| 17:05 | Create | Archer |
| 17:09 | Age | Castle Age |
| 17:20 | Research | Crossbowman (upgrade) |
| 17:30 | Research | Fletching |
| 17:38 | Create | Archer |
| 17:39 | Create | Archer |
| 17:41 | Create | Archer |
| 17:52 | Create | Villager (Male) |
| 17:59 | Create | Archer |
| 18:01 | Create | Archer |
| 18:09 | Create | Villager (Male) |
| 18:44 | Create | Archer |
| 18:45 | Create | Archer |
| 18:48 | Research | Bodkin Arrow |
| 18:49 | Research | Padded Archer Armor |
| 18:54 | Create | Villager (Male) |
| 19:04 | Build | House |
| 19:09 | Build | House |
| 19:13 | Build | House |
| 19:22 | Create | Villager (Male) |
| 19:48 | Build | University |
| 19:51 | Create | Villager (Male) |
| 19:55 | Create | Archer |
| 19:56 | Create | Archer |
| 20:02 | Create | Archer |
| 20:17 | Create | Archer |
| 20:26 | Create | Villager (Male) |
| 20:40 | Create | Villager (Male) |
| 20:45 | Build | House |
| 20:46 | Build | House |
| 20:52 | Build | House |
| 20:53 | Build | House |
| 21:16 | Create | Villager (Male) |
| 21:33 | Research | Ballistics |
| 21:38 | Create | Villager (Male) |
| 21:46 | Create | Archer |
| 21:47 | Create | Archer |
| 21:55 | Build | House |
| 21:57 | Build | House |
| 22:32 | Create | Spearman |
| 22:33 | Create | Spearman |
| 22:33 | Create | Archer |
| 22:34 | Create | Archer |
| 22:37 | Create | Villager (Male) |
| 22:53 | Build | House |
| 22:53 | Create | Archer |
| 22:57 | Create | Villager (Male) |
| 23:06 | Build | Siege Workshop |
| 23:13 | Build | House |
| 23:13 | Build | House |
| 23:18 | Create | Archer |
| 23:19 | Create | Archer |
| 23:24 | Create | Villager (Male) |
| 23:36 | Build | Farm |
| 23:38 | Research | Bow Saw |
| 23:41 | Build | Farm |
| 24:13 | Create | Archer |
| 24:13 | Create | Archer |
| 24:21 | Create | Villager (Male) |
| 24:27 | Build | Town Center |
| 24:36 | Create | Unit 1962 |
| 24:40 | Create | Villager (Male) |
| 24:47 | Create | Villager (Male) |
| 24:50 | Build | House |
| 24:51 | Build | House |
| 24:54 | Build | House |
| 25:05 | Create | Villager (Male) |
| 25:44 | Create | Mangonel |
| 25:50 | Create | Villager (Male) |
| 26:04 | Create | Villager (Male) |
| 26:06 | Create | Villager (Male) |
| 26:07 | Create | Villager (Male) |
| 26:07 | Create | Villager (Male) |
| 26:14 | Create | Mangonel |
| 26:25 | Create | Spearman |
| 26:26 | Create | Archer |
| 26:44 | Create | Villager (Male) |
| 26:50 | Build | Town Center |
| 26:51 | Create | Villager (Male) |
Build order — Ginger Ale
First 150 of 612 actions detected
| 0:00 | Create | Villager (Male) |
| 0:00 | Create | Villager (Male) |
| 0:01 | Create | Villager (Male) |
| 0:02 | Build | House |
| 0:03 | Build | House |
| 0:59 | Create | Villager (Male) |
| 0:59 | Create | Villager (Male) |
| 1:00 | Create | Villager (Male) |
| 1:22 | Create | Villager (Male) |
| 1:22 | Create | Villager (Male) |
| 1:46 | Build | Lumber Camp |
| 2:01 | Create | Villager (Male) |
| 2:28 | Create | Villager (Male) |
| 2:29 | Create | Villager (Male) |
| 3:21 | Create | Villager (Male) |
| 3:22 | Create | Villager (Male) |
| 3:26 | Build | House |
| 3:33 | Build | House |
| 4:07 | Build | House |
| 4:17 | Create | Villager (Male) |
| 4:36 | Build | Palisade Gate |
| 5:03 | Create | Villager (Male) |
| 5:03 | Create | Villager (Male) |
| 5:31 | Build | Mill |
| 5:51 | Create | Villager (Male) |
| 6:40 | Create | Villager (Male) |
| 6:41 | Create | Villager (Male) |
| 7:29 | Create | Villager (Male) |
| 7:34 | Build | Mining Camp |
| 7:55 | Research | Feudal Age |
| 8:18 | Build | Barracks |
| 8:37 | Build | House |
| 8:40 | Build | Palisade Wall |
| 10:05 | Age | Feudal Age |
| 10:08 | Create | Villager (Male) |
| 10:08 | Create | Villager (Male) |
| 10:36 | Build | Blacksmith |
| 11:09 | Create | Villager (Male) |
| 11:32 | Create | Villager (Male) |
| 12:08 | Build | Stable |
| 12:14 | Research | Horse Collar |
| 12:21 | Research | Double-Bit Axe |
| 12:42 | Research | Horse Collar |
| 12:45 | Research | Castle Age |
| 12:45 | Research | Castle Age |
| 13:07 | Build | Farm |
| 13:08 | Build | Farm |
| 13:11 | Build | Farm |
| 13:15 | Build | Farm |
| 13:57 | Build | Stable |
| 14:26 | Build | Farm |
| 14:28 | Build | Farm |
| 15:25 | Age | Castle Age |
| 15:26 | Build | Monastery |
| 15:29 | Create | Knight |
| 15:29 | Create | Knight |
| 15:30 | Create | Knight |
| 15:31 | Create | Knight |
| 15:33 | Research | Forging |
| 15:38 | Create | Villager (Male) |
| 15:38 | Create | Villager (Male) |
| 16:07 | Build | House |
| 16:08 | Build | House |
| 16:12 | Create | Monk |
| 16:17 | Build | House |
| 16:18 | Build | House |
| 16:23 | Research | Bow Saw |
| 16:37 | Build | Farm |
| 16:41 | Create | Villager (Male) |
| 17:15 | Research | Fervor |
| 17:19 | Research | Gold Mining |
| 17:24 | Build | Farm |
| 17:26 | Build | Farm |
| 17:47 | Create | Knight |
| 17:48 | Create | Knight |
| 17:59 | Build | Farm |
| 18:01 | Create | Villager (Male) |
| 18:13 | Create | Knight |
| 18:13 | Create | Knight |
| 18:48 | Research | Husbandry |
| 18:55 | Build | Town Center |
| 19:11 | Create | Knight |
| 19:11 | Create | Knight |
| 19:23 | Create | Villager (Male) |
| 19:25 | Create | Villager (Male) |
| 19:57 | Build | Town Center |
| 20:01 | Create | Villager (Male) |
| 20:02 | Create | Villager (Male) |
| 20:19 | Research | Bloodlines |
| 20:19 | Research | Bloodlines |
| 20:43 | Research | Scale Barding Armor |
| 21:12 | Create | Monk |
| 21:16 | Create | Villager (Male) |
| 21:16 | Create | Villager (Male) |
| 21:16 | Create | Villager (Male) |
| 21:17 | Create | Villager (Male) |
| 21:21 | Build | Farm |
| 21:21 | Build | Farm |
| 21:22 | Build | Farm |
| 21:22 | Build | Farm |
| 21:22 | Build | Farm |
| 21:22 | Build | Farm |
| 21:23 | Build | Farm |
| 21:29 | Research | Loom |
| 21:35 | Build | Farm |
| 21:53 | Build | Farm |
| 21:56 | Create | Villager (Male) |
| 21:56 | Create | Villager (Male) |
| 21:57 | Create | Villager (Male) |
| 21:58 | Create | Villager (Male) |
| 21:59 | Create | Villager (Male) |
| 22:00 | Create | Villager (Male) |
| 22:27 | Build | Mining Camp |
| 22:33 | Create | Villager (Male) |
| 22:33 | Create | Villager (Male) |
| 22:34 | Create | Villager (Male) |
| 22:34 | Create | Villager (Male) |
| 22:46 | Create | Villager (Male) |
| 22:46 | Create | Villager (Male) |
| 23:01 | Create | Villager (Male) |
| 23:01 | Create | Villager (Male) |
| 23:05 | Build | Lumber Camp |
| 23:32 | Create | Knight |
| 23:32 | Create | Knight |
| 23:32 | Create | Knight |
| 23:33 | Create | Knight |
| 23:56 | Build | Outpost |
| 24:02 | Create | Knight |
| 24:02 | Create | Knight |
| 24:02 | Create | Knight |
| 24:03 | Create | Knight |
| 24:05 | Build | House |
| 24:06 | Build | House |
| 24:06 | Build | House |
| 24:07 | Build | House |
| 24:08 | Build | House |
| 24:16 | Create | Villager (Male) |
| 24:16 | Create | Villager (Male) |
| 24:18 | Build | Mining Camp |
| 24:20 | Build | Lumber Camp |
| 24:25 | Research | Town Watch |
| 24:25 | Research | Town Watch |
| 24:57 | Research | Wheelbarrow |
| 25:20 | Create | Villager (Male) |
| 25:20 | Create | Villager (Male) |
| 25:21 | Create | Villager (Male) |
| 25:21 | Create | Villager (Male) |
| 25:29 | Build | Siege Workshop |
| 25:36 | Build | Lumber Camp |
| 25:41 | Build | Lumber Camp |
Match timeline
| 1:52 | Dijhinn · wall_segment Palisade Wall x13 |
| 4:53 | ZeroNoise•Adam · wall_segment Palisade Wall x15 |
| 5:06 | Inzeek · wall_segment Palisade Wall x1 |
| 5:28 | きしょこ .99 · wall_segment Palisade Wall x1 |
| 5:29 | きしょこ .99 · wall_segment Palisade Wall x1 |
| 5:30 | きしょこ .99 · wall_segment Palisade Wall x1 |
| 5:31 | きしょこ .99 · wall_segment Palisade Wall x1 |
| 5:33 | きしょこ .99 · wall_segment Palisade Wall x1 |
| 5:34 | きしょこ .99 · wall_segment Palisade Wall x1 |
| 5:35 | きしょこ .99 · wall_segment Palisade Wall x1 |
| 5:36 | きしょこ .99 · wall_segment Palisade Wall x1 |
| 5:44 | O P T I M U S · first_building Barracks |
| 7:19 | きしょこ .99 · wall_segment Palisade Wall x1 |
| 7:21 | きしょこ .99 · wall_segment Palisade Wall x1 |
| 7:22 | きしょこ .99 · wall_segment Palisade Wall x1 |
| 7:24 | きしょこ .99 · wall_segment Palisade Wall x1 |
| 7:32 | coquelicot · wall_segment Palisade Wall x1 |
| 7:36 | coquelicot · wall_segment Palisade Wall x1 |
| 7:40 | coquelicot · wall_segment Palisade Wall x1 |
| 8:18 | Ginger Ale · first_building Barracks |
| 8:40 | Ginger Ale · wall_segment Palisade Wall x1 |
| 9:00 | O P T I M U S · age_up feudal |
| 9:29 | jAvi · wall_segment Palisade Wall x8 |
| 9:49 | Inzeek · age_up feudal |
| 10:00 | jAvi · age_up feudal |
| 10:05 | Ginger Ale · age_up feudal |
| 10:09 | きしょこ .99 · age_up feudal |
| 10:17 | O P T I M U S · wall_segment Palisade Wall x11 |
| 10:38 | Dijhinn · first_building Barracks |
| 11:17 | Dijhinn · age_up feudal |
| 11:21 | ZeroNoise•Adam · age_up feudal |
| 11:23 | ZeroNoise•Adam · first_building Barracks |
| 11:35 | Dijhinn · first_building Stable |
| 11:38 | ZeroNoise•Adam · wall_segment Stone Wall x19 |
| 12:08 | Ginger Ale · first_building Stable |
| 12:11 | coquelicot · age_up feudal |
| 13:01 | ZeroNoise•Adam · first_building Archery Range |
| 13:22 | coquelicot · first_building Stable |
| 14:10 | Inzeek · wall_segment Stone Wall x1 |
| 14:11 | きしょこ .99 · wall_segment Palisade Wall x1 |
| 14:22 | jAvi · age_up castle |
| 14:27 | ZeroNoise•Adam · first_market_buy 100 food |
| 14:52 | coquelicot · age_up castle |
| 15:04 | きしょこ .99 · wall_segment Stone Wall x2 |
| 15:06 | きしょこ .99 · wall_segment Stone Wall x7 |
| 15:08 | きしょこ .99 · wall_segment Stone Wall x1 |
| 15:08 | きしょこ .99 · wall_segment Stone Wall x1 |
| 15:19 | Dijhinn · age_up castle |
| 15:25 | Ginger Ale · age_up castle |
| 15:26 | Ginger Ale · first_building Monastery |
| 16:18 | きしょこ .99 · wall_segment Palisade Wall x1 |
| 16:28 | きしょこ .99 · age_up castle |
| 17:06 | きしょこ .99 · first_market_buy 100 stone |
| 17:09 | ZeroNoise•Adam · age_up castle |
| 17:24 | O P T I M U S · first_market_sell 100 food |
| 17:30 | jAvi · first_building Castle |
| 18:18 | ZeroNoise•Adam · first_market_sell 100 stone |
| 19:11 | O P T I M U S · wall_segment Stone Wall x3 |
| 19:14 | O P T I M U S · wall_segment Stone Wall x8 |
| 20:12 | Dijhinn · first_building Castle |
| 20:16 | O P T I M U S · age_up castle |
| 20:26 | Inzeek · age_up castle |
| 20:28 | Inzeek · first_building Siege Workshop |
| 20:59 | Inzeek · first_building Monastery |
| 21:17 | coquelicot · first_market_buy 100 stone |
| 21:38 | きしょこ .99 · wall_segment Stone Wall x3 |
| 21:43 | O P T I M U S · first_market_buy 100 stone |
| 21:45 | きしょこ .99 · wall_segment Stone Wall x12 |
| 22:31 | きしょこ .99 · first_building Barracks |
| 23:06 | ZeroNoise•Adam · first_building Siege Workshop |
| 23:09 | O P T I M U S · first_building Castle |
| 24:38 | O P T I M U S · first_building Siege Workshop |
| 24:45 | jAvi · first_building Barracks |
| 24:56 | coquelicot · first_building Monastery |
| 25:29 | Ginger Ale · first_building Siege Workshop |
| 25:30 | Inzeek · first_building Castle |
| 26:06 | きしょこ .99 · first_building Castle |
| 26:48 | coquelicot · first_building Castle |
| 27:18 | Inzeek · wall_segment Palisade Wall x1 |
| 27:21 | Inzeek · wall_segment Palisade Wall x1 |
| 27:24 | Inzeek · wall_segment Palisade Wall x1 |
| 27:45 | coquelicot · first_building Barracks |
| 28:22 | jAvi · first_building Stable |
| 29:11 | jAvi · first_market_sell 100 wood |
| 29:31 | jAvi · first_building Archery Range |
| 30:38 | coquelicot · age_up imperial |
| 30:48 | coquelicot · first_market_sell 100 wood |
| 31:37 | きしょこ .99 · age_up imperial |
| 32:38 | jAvi · age_up imperial |
| 32:39 | Inzeek · first_building Barracks |
| 32:54 | Inzeek · age_up imperial |
| 33:10 | Dijhinn · age_up imperial |
| 34:37 | Inzeek · wall_segment Palisade Wall x1 |
| 35:31 | Inzeek · first_market_buy 100 stone |
| 35:41 | きしょこ .99 · first_market_sell 500 stone |
| 35:43 | Ginger Ale · first_building Castle |
| 36:02 | Ginger Ale · age_up imperial |
| 37:46 | O P T I M U S · age_up imperial |
| 38:21 | ZeroNoise•Adam · age_up imperial |
| 38:51 | ZeroNoise•Adam · first_building Castle |
| 42:55 | O P T I M U S · first_building Archery Range |
| 42:58 | きしょこ .99 · first_building Siege Workshop |
| 44:15 | Ginger Ale · first_market_sell 500 wood |
| 48:21 | ZeroNoise•Adam · wall_segment Stone Wall x2 |
| 48:23 | ZeroNoise•Adam · wall_segment Stone Wall x1 |
| 50:36 | Inzeek · first_market_sell 100 food |
| 51:02 | coquelicot · first_building Siege Workshop |
| 51:03 | ZeroNoise•Adam · wall_segment Stone Wall x13 |
| 53:00 | ZeroNoise•Adam · wall_segment Stone Wall x13 |
| 54:09 | ZeroNoise•Adam · wall_segment Stone Wall x22 |
| 54:30 | Dijhinn · first_building Monastery |
| 55:15 | coquelicot · wall_segment Stone Wall x9 |
| 56:08 | ZeroNoise•Adam · wall_segment Stone Wall x8 |
| 56:08 | きしょこ .99 · first_building Stable |
| 57:12 | ZeroNoise•Adam · wall_segment Stone Wall x4 |
| 58:10 | O P T I M U S · first_building Monastery |
| 58:32 | Dijhinn · tribute_sent a jugador 1 |
| 58:32 | Dijhinn · tribute_sent a jugador 2 |
| 58:32 | Dijhinn · tribute_sent a jugador 3 |
| 58:32 | Dijhinn · tribute_sent a jugador 4 |
| 58:32 | Dijhinn · tribute_sent a jugador 6 |
| 58:32 | Dijhinn · tribute_sent a jugador 7 |
| 58:32 | Dijhinn · tribute_sent a jugador 8 |
| 58:38 | Dijhinn · first_market_sell 500 wood |
| 59:20 | coquelicot · wall_segment Stone Wall x12 |
| 59:22 | ZeroNoise•Adam · resign |
| 61:07 | Ginger Ale · first_building Archery Range |
| 62:17 | coquelicot · tribute_sent a jugador 1 |
| 62:17 | coquelicot · tribute_sent a jugador 2 |
| 62:17 | coquelicot · tribute_sent a jugador 4 |
| 62:17 | coquelicot · tribute_sent a jugador 5 |
| 62:17 | coquelicot · tribute_sent a jugador 6 |
| 62:17 | coquelicot · tribute_sent a jugador 7 |
| 62:17 | coquelicot · tribute_sent a jugador 8 |
| 65:05 | coquelicot · tribute_sent a jugador 1 |
| 65:05 | coquelicot · tribute_sent a jugador 2 |
| 65:05 | coquelicot · tribute_sent a jugador 4 |
| 65:05 | coquelicot · tribute_sent a jugador 5 |
| 65:05 | coquelicot · tribute_sent a jugador 6 |
| 65:05 | coquelicot · tribute_sent a jugador 7 |
| 65:05 | coquelicot · tribute_sent a jugador 8 |
| 66:53 | きしょこ .99 · first_building Monastery |
| 67:09 | jAvi · first_market_buy 100 food |
| 67:37 | coquelicot · wall_segment Stone Wall x5 |
[ AI ANALYSIS · 1 CREDIT ]
What really happened in this match?
Wolo.gg analyzes every decision: build order, eco, micro, common mistakes by bracket. Personalized analysis on WhatsApp or Discord in 30 seconds.
Civ guide
Khmer
Perfil
Jugador #3236516